[Event "Team 45 45 League T43"]
[Site "Internet Chess Club"]
[Date "2009.11.24"]
[Round "4"]
[White "dinkola"]
[Black "MarkNY"]
[Result "1-0"]
[WhiteElo "1737"]
[BlackElo "1605"]
[Opening "Grünfeld: 5.e3"]
[ECO "D94"]
[Time "15:04:52"]
[TimeControl "2700+45"]

1. d4 Nf6 2. c4 g6 3. Nc3 d5 4. e3 Bg7 5. Nf3 O-O 6. cxd5 Nxd5 7. e4 Nxc3 8.
bxc3 c5 9. Be2 Nc6 10. Be3 Bg4 11. O-O Bxf3 12. Bxf3 cxd4 13. cxd4 Nxd4 14. Rb1
Nxf3+ 15. Qxf3 b6 16. Rfd1 Qc8 17. Rbc1 Qb7 18. Qf4 Rac8 19. h3 Rxc1 20. Rxc1
Rc8 21. Rd1 e6 22. Qh4 f5 23. exf5 exf5 24. Qa4 h6 25. Rd7 Rc7 26. Rd8+ Kh7 27.
Qe8 g5 28. Qg8+ Kg6 29. Rd6+ Kh5 30. g4+ fxg4 31. Qe6 Qf3 32. Qg6+ Kh4 33. Bxg5+
hxg5 34. Qh7+ Bh6 35. Qxh6# {Black checkmated} 1-0

[Event "Team 45 45 League T43"]
[Site "Internet Chess Club"]
[Date "2009.11.21"]
[Round "4"]
[White "vollmerj"]
[Black "Ernie1"]
[Result "0-1"]
[WhiteElo "1719"]
[BlackElo "1598"]
[Opening "Caro-Kann: closed (Breyer) variation"]
[ECO "B10"]
[Time "23:01:11"]
[TimeControl "2700+45"]

1. e4 c6 2. d3 d5 3. Nd2 dxe4 4. Nxe4 Bf5 5. Ng3 Bg6 6. Nf3 e6 7. Ne5 Qa5+ 8.
Bd2 Qxe5+ 9. Qe2 Qxe2+ 10. Bxe2 Nf6 11. O-O Bd6 12. Rfe1 O-O 13. Bc3 Nd5 14. Bd2
Bf4 15. Bxf4 Nxf4 16. Bf3 Nd5 17. a3 a5 18. h4 h6 19. h5 Bh7 20. Re2 Nd7 21.
Rae1 N7f6 22. Re5 a4 23. Nf1 Bf5 24. Nd2 Ng4 25. R5e2 Nf4 26. Bxg4 Nxe2+ 27.
Rxe2 Bxg4 28. f3 Bxh5 29. g4 Bg6 {White resigns} 0-1

[Event "Team 45 45 League T43"]
[Site "Internet Chess Club"]
[Date "2009.11.24"]
[Round "4"]
[White "MikeA"]
[Black "crankn8tr"]
[Result "1-0"]
[WhiteElo "1469"]
[BlackElo "1487"]
[Opening "Sicilian: Alapin's variation (2.c3)"]
[ECO "B22"]
[Time "10:03:50"]
[TimeControl "2700+45"]

1. e4 c5 2. c3 Nc6 3. d4 cxd4 4. cxd4 d6 5. Nf3 Bg4 6. Be2 g6 7. O-O Bg7 8. Be3
Nf6 9. Nc3 O-O 10. Rc1 Rc8 11. h3 Bxf3 12. Bxf3 e5 13. d5 Nb8 14. Bxa7 Nbd7 15.
Be3 Nc5 16. b4 Ncd7 17. Qd2 Rc7 18. Nb5 Rxc1 19. Rxc1 Nb8 20. Rc7 Ne8 21. Rxb7
f5 22. Bh6 Rf7 23. Rxf7 Kxf7 24. Bxg7 Nxg7 25. exf5 Nxf5 26. Bg4 Na6 27. Bxf5
gxf5 28. Qh6 Nxb4 29. Qxh7+ Kf6 30. Qh4+ {Black resigns} 1-0

[Event "Team 45 45 League T43"]
[Site "Internet Chess Club"]
[Date "2009.11.21"]
[Round "4"]
[White "rayonline53"]
[Black "Andressa"]
[Result "0-1"]
[WhiteElo "1431"]
[BlackElo "1537"]
[Opening "Ruy Lopez: Berlin defense, 4.O-O, d6"]
[ECO "C66"]
[Time "14:00:21"]
[TimeControl "2700+45"]

1. e4 e5 2. Nf3 Nc6 3. Bb5 d6 4. O-O Nf6 5. Re1 Be7 6. h3 O-O 7. c3 a6 8. Ba4 b5
9. Bc2 Bb7 10. d4 exd4 11. cxd4 Nb4 12. Nbd2 c5 13. Bb1 cxd4 14. Nxd4 Nc6 15.
Nxc6 Bxc6 16. Nf3 Qc7 17. Bg5 h6 18. Bh4 Rad8 19. Bc2 Bb7 20. Qd3 Qc4 21. Qxc4
bxc4 22. Nd4 Rfe8 23. Ba4 Nd7 24. Bxe7 Rxe7 25. Bc6 Ne5 26. Bd5 Nd3 27. Red1
Bxd5 28. exd5 Nxb2 29. Rdb1 c3 30. Nc6 Rde8 31. Nxe7+ Rxe7 32. Rc1 Rc7 33. Rc2
Rc5 34. Re1 Na4 35. Re4 Nb6 36. Rd4 Nxd5 37. Rxd5 Rxd5 38. Rxc3 Kf8 39. Ra3 a5
40. Kf1 Ke7 41. Ke2 Ke6 42. Ke3 f5 43. Ra4 g5 44. f4 Rc5 45. fxg5 hxg5 46. Kd3
Ke5 47. g3 d5 48. h4 gxh4 49. Rxh4 Rc6 50. Rh8 Rg6 51. Re8+ Kf6 52. Re3 Rg4 53.
Rf3 Ra4 {White resigns} 0-1

[Event "Team 45 45 League T43"]
[Site "Internet Chess Club"]
[Date "2009.11.21"]
[Round "4"]
[White "mongmong"]
[Black "nursey"]
[Result "0-1"]
[WhiteElo "1504"]
[BlackElo "1585"]
[Opening "Queen's pawn game"]
[ECO "D05"]
[Time "17:05:56"]
[TimeControl "2700+45"]

1. d4 d5 2. Nf3 Nf6 3. e3 e6 4. Bd3 Bb4+ 5. c3 Bd6 6. Nbd2 O-O 7. O-O c5 8. Qe2
cxd4 9. exd4 Nc6 10. Re1 b6 11. Nf1 Bb7 12. Bg5 Rc8 13. Ne5 a5 14. Ng3 Re8 15.
Nh5 Be7 16. Nxc6 Bxc6 17. Nxf6+ Bxf6 18. Bxf6 Qxf6 19. Qe5 Qxe5 20. Rxe5 f6 21.
Re3 e5 22. dxe5 fxe5 23. Rae1 e4 24. Bc2 Bb7 25. Ba4 Re7 26. f3 Rc4 27. Bb3 Rc5
28. fxe4 a4 29. Bxa4 dxe4 30. Bc2 Rce5 31. c4 Ra5 32. Bb3 Rc5 33. Kf2 Kf7 34. a3
Kf6 35. g3 Ke5 36. Rd1 g6 37. Rd2 h6 38. Ba2 Rf7+ 39. Kg2 Rf3 40. Rxf3 exf3+ 41.
Kf2 g5 42. b4 Rc7 43. Bb3 g4 44. Rc2 Kd6 45. Rc3 h5 46. Bc2 Bd5 47. Bg6 Bxc4 48.
Bxh5 Be6 49. Rxc7 Kxc7 50. h3 gxh3 51. Kxf3 Bd5+ {White resigns} 0-1

[Event "Team 45 45 League T43"]
[Site "Internet Chess Club"]
[Date "2009.11.22"]
[Round "4"]
[White "Pawndemonium"]
[Black "betto2506"]
[Result "1-0"]
[WhiteElo "1448"]
[BlackElo "1446"]
[Opening "QGD Slav: 3.Nf3"]
[ECO "D11"]
[Time "19:00:12"]
[TimeControl "2700+45"]

1. d4 d5 2. c4 c6 3. Nf3 Bf5 4. Nc3 e6 5. Bf4 Nf6 6. h3 h6 7. g4 Bh7 8. e3 Be7
9. Bd3 Bxd3 10. Qxd3 dxc4 11. Qxc4 Nbd7 12. O-O-O Nb6 13. Qb3 Nfd5 14. Nxd5 Qxd5
15. Qxd5 cxd5 16. Kb1 Kd7 17. Rc1 Rac8 18. Ne5+ Ke8 19. Rxc8+ Nxc8 20. Rc1 Nb6
21. Rc7 g5 22. Bg3 h5 23. Rxb7 hxg4 24. hxg4 Rh1+ 25. Kc2 Re1 26. Rb8+ Bd8 27.
Nc6 Kd7 28. Nxd8 Re2+ 29. Kb3 Nc4 30. Kc3 a5 31. Nxf7 Nd2 32. Rb7+ Ke8 33. Kd3
Re1 34. Kxd2 Ra1 35. a3 Rh1 36. Nxg5 Rg1 37. Nxe6 Rd1+ 38. Kxd1 a4 39. Nc5
{Black resigns} 1-0

[Event "Team 45 45 League T43"]
[Site "Internet Chess Club"]
[Date "2009.11.22"]
[Round "4"]
[White "nozmov"]
[Black "oldprez"]
[Result "1-0"]
[WhiteElo "1391"]
[BlackElo "1388"]
[Opening "Bird's opening"]
[ECO "A02"]
[Time "13:04:01"]
[TimeControl "2700+45"]

1. f4 Nf6 2. e3 g6 3. b3 Bg7 4. Bb2 O-O 5. Nf3 d6 6. Be2 Nbd7 7. O-O c5 8. c4 b6
9. Qc1 Bb7 10. Nc3 a6 11. d3 Qc7 12. e4 Rae8 13. Nd5 Nxd5 14. Bxg7 Kxg7 15. cxd5
f6 16. Nd4 Kf7 17. Ne6 Qc8 18. Nxf8 Nxf8 19. Bf3 e6 20. dxe6+ Nxe6 21. Bg4 h5
22. Bxe6+ Qxe6 23. Re1 Qg4 24. Qe3 f5 25. Qg3 Qxg3 26. hxg3 fxe4 27. dxe4 Bxe4
28. Re3 d5 29. Rae1 Kf6 30. Rc3 a5 31. a4 Kf5 32. Rcc1 d4 33. Rcd1 d3 34. Rxd3
Re6 35. Rd8 Rf6 36. Re8 Bc2 37. R8e5+ Kg4 38. Rg5# {Black checkmated} 1-0

[Event "Team 45 45 League T43"]
[Site "Internet Chess Club"]
[Date "2009.11.22"]
[Round "4"]
[White "SuperJEM"]
[Black "f5"]
[Result "1-0"]
[WhiteElo "2187"]
[BlackElo "2165"]
[Opening "English: Anglo-Dutch defense"]
[ECO "A87"]
[Time "00:02:59"]
[TimeControl "2700+45"]

1. c4 f5 2. g3 Nf6 3. Bg2 g6 4. Nc3 Bg7 5. Nf3 d6 6. d4 O-O 7. O-O Qe8 8. d5 Na6
9. Nd4 Bd7 10. Rb1 c6 11. Be3 Ng4 12. Bf4 Rc8 13. Qd2 Nc7 14. Rfd1 c5 15. Nf3 b5
16. h3 Nf6 17. cxb5 Nxb5 18. Nxb5 Bxb5 19. Ng5 Bd7 20. Rdc1 h6 21. Ne6 Bxe6 22.
dxe6 g5 23. Be3 Nh5 24. Qd3 f4 25. gxf4 Nxf4 26. Bxf4 Rxf4 27. e3 Rb4 28. b3 Qh5
29. Rc4 Rcb8 30. a3 R4b6 31. Ra4 a6 32. Rc4 Be5 33. Rg4 Kh8 34. Qf5 Kg8 35. Be4
Bg7 36. Qh7+ Kf8 37. Rg3 Rxb3 38. Rxb3 Rxb3 39. Rf3+ {Black resigns} 1-0

[Event "Team 45 45 League T43"]
[Site "Internet Chess Club"]
[Date "2009.11.21"]
[Round "4"]
[White "bobhill"]
[Black "SuperPeon"]
[Result "0-1"]
[WhiteElo "1997"]
[BlackElo "2109"]
[Opening "Queen's Pawn"]
[ECO "A41"]
[Time "22:53:14"]
[TimeControl "2700+45"]

1. d4 d6 2. Nf3 Nf6 3. Bg5 Nbd7 4. Nbd2 g6 5. c3 Bg7 6. e4 c5 7. Be2 O-O 8. O-O
cxd4 9. Nxd4 a6 10. Re1 b5 11. f3 Bb7 12. a4 b4 13. Nc4 bxc3 14. bxc3 Rc8 15.
Qb3 Nc5 16. Qb6 Qxb6 17. Nxb6 Rc7 18. Rab1 Ncxe4 19. fxe4 Nxe4 20. Nf3 Bxc3 21.
Rf1 f6 22. Bh6 Rd8 23. Bc4+ d5 24. Ba2 g5 25. h4 g4 26. Nh2 Bd4+ 27. Rf2 g3 28.
Nf3 gxf2+ 29. Kh2 Bxb6 30. g4 Rc2 31. Kg2 Rxa2 32. g5 d4 33. gxf6 Nxf6 34. a5
Be4 35. Rxb6 Bxf3+ 36. Kf1 Ng4 {White resigns} 0-1

[Event "Team 45 45 League T43"]
[Site "Internet Chess Club"]
[Date "2009.11.22"]
[Round "4"]
[White "Darkwizard1"]
[Black "Beetlejuice"]
[Result "1-0"]
[WhiteElo "1830"]
[BlackElo "1885"]
[Opening "Sicilian defense"]
[ECO "B44"]
[Time "11:00:59"]
[TimeControl "2700+45"]

1. e4 c5 2. Nf3 e6 3. d4 cxd4 4. Nxd4 Nc6 5. Nb3 Qc7 6. Nc3 Nf6 7. Bd3 a6 8. a4
Bb4 9. Bd2 Ne5 10. h3 Nc4 11. Bxc4 Qxc4 12. Qe2 Qxe2+ 13. Nxe2 Bxd2+ 14. Nxd2 b6
15. O-O Ke7 16. f4 d6 17. c3 Bb7 18. e5 dxe5 19. fxe5 Nd7 20. Nc4 Bd5 21. Ne3
Nxe5 22. Nxd5+ exd5 23. Rad1 Rhd8 24. Nf4 Rd6 25. Rxd5 Rad8 26. Rxe5+ Kf6 27.
Re3 Rd1 28. Nd5+ {Black resigns} 1-0

[Event "Team 45 45 League T43"]
[Site "Internet Chess Club"]
[Date "2009.11.23"]
[Round "4"]
[White "room-matt"]
[Black "Ehab"]
[Result "0-1"]
[WhiteElo "1699"]
[BlackElo "1833"]
[Opening "Scandinavian: Pytel-Wade variation"]
[ECO "B01"]
[Time "09:02:00"]
[TimeControl "2700+45"]

1. e4 d5 2. exd5 Qxd5 3. Nc3 Qd6 4. d4 Nf6 5. Nf3 Bg4 6. h3 Bh5 7. g4 Bg6 8. Ne5
Nc6 9. Nb5 Qd8 10. Nxg6 hxg6 11. Bf4 Nd5 12. Bg3 a6 13. Nc3 Nxc3 14. bxc3 Qd5
15. Rg1 Qe4+ 16. Qe2 Qxe2+ 17. Kxe2 O-O-O 18. Bg2 Na5 19. Rab1 e6 20. g5 Bd6 21.
Kd3 Bxg3 22. fxg3 Rd7 23. Rge1 Rhd8 24. Re4 b6 25. Rh4 e5 26. Re1 exd4 27. cxd4
c5 28. c3 b5 29. Re5 cxd4 30. Rc5+ Kb8 31. Rxd4 Nc4 32. Rcd5 Rxd5 33. Bxd5 Ne5+
34. Ke4 Re8 35. Kf4 Re7 36. g4 Kc7 37. h4 Kb6 38. Be4 Kc7 39. Bc2 Kc6 40. a4 Kc5
41. axb5 axb5 42. Rd8 f6 43. Rc8+ Kb6 44. Rb8+ Kc5 45. Rg8 Rc7 46. gxf6 gxf6 47.
Bxg6 Kc4 48. Be8 Rc5 49. Rf8 Nd3+ 50. Ke3 Kxc3 51. Rxf6 Ne5 52. Kf4 b4 53. g5 b3
54. h5 b2 55. Rb6 Nd3+ 56. Kg4 Rc4+ 57. Kf5 Nb4 {White resigns} 0-1

[Event "Team 45 45 League T43"]
[Site "Internet Chess Club"]
[Date "2009.11.24"]
[Round "4"]
[White "Campagnolo"]
[Black "imgr8"]
[Result "1-0"]
[WhiteElo "2079"]
[BlackElo "1969"]
[Opening "QGD: Tarrasch, Prague variation, 9.Bg5"]
[ECO "A34"]
[Time "19:08:27"]
[TimeControl "2700+45"]

1. c4 c5 2. Nc3 Nf6 3. Nf3 e6 4. g3 d5 5. Bg2 Nc6 6. O-O Be7 7. cxd5 exd5 8. d4
O-O 9. Bg5 c4 10. Ne5 Be6 11. Re1 h6 12. Bf4 Re8 13. a3 a6 14. e4 Nxe5 15. dxe5
Nxe4 16. Nxe4 dxe4 17. Bxe4 Qc7 18. Qf3 Rab8 19. Bc2 Qc6 20. Be4 Qc5 21. Bc2 Bd5
22. Qh5 Rbd8 23. Bxh6 Bf8 24. Bh7+ Kh8 25. Be3 Rxe5 26. Bf5+ {Black resigns} 1-0

[Event "Team 45 45 League T43"]
[Site "Internet Chess Club"]
[Date "2009.11.21"]
[Round "4"]
[White "Guoruey"]
[Black "nosalt"]
[Result "0-1"]
[WhiteElo "1953"]
[BlackElo "2045"]
[Opening "Sicilian"]
[ECO "B56"]
[Time "22:44:29"]
[TimeControl "2700+45"]

1. e4 c5 2. Nf3 Nc6 3. d4 cxd4 4. Nxd4 Nf6 5. Nc3 d6 6. Be3 e6 7. f3 Be7 8. Qd2
a6 9. O-O-O Qc7 10. g4 Ne5 11. g5 Nfd7 12. Rg1 Nc4 13. Bxc4 Qxc4 14. f4 b5 15.
b3 Qc7 16. h4 Bb7 17. f5 e5 18. Nde2 Rc8 19. Kb2 b4 20. Nd5 Bxd5 21. exd5 Qb7
22. Rg4 a5 23. Ng3 Bd8 24. Ne4 Qb8 25. h5 Bb6 26. h6 g6 27. Rf1 O-O 28. Nf6+
Nxf6 29. gxf6 Bxe3 30. Qxe3 Rc3 31. Qg1 Qc8 32. Rf2 Kh8 33. Rg5 Rg8 34. Rfg2 Qc5
35. fxg6 hxg6 36. Qh2 Rc8 37. h7 Rf3 38. Qh6 Qc3+ {White resigns} 0-1

[Event "Team 45 45 League T43"]
[Site "Internet Chess Club"]
[Date "2009.11.24"]
[Round "4"]
[White "Holm"]
[Black "jefferyx"]
[Result "0-1"]
[WhiteElo "1866"]
[BlackElo "2013"]
[Opening "Nimzo-Indian: classical variation"]
[ECO "E32"]
[Time "16:45:07"]
[TimeControl "2700+45"]

1. d4 Nf6 2. c4 e6 3. Nc3 Bb4 4. Qc2 O-O 5. a3 Bxc3+ 6. Qxc3 b6 7. f3 d5 8. e3
Ba6 9. b3 Nbd7 10. Bb2 c5 11. Bd3 cxd4 12. Qxd4 Nc5 13. Bc2 dxc4 14. Qh4 Nd3+
15. Bxd3 Qxd3 16. Bxf6 gxf6 17. Qxf6 Qxe3+ 18. Ne2 cxb3 19. Qb2 Rac8 20. Qd2
Qxd2+ 21. Kxd2 Rc2+ {White resigns} 0-1

[Event "Team 45 45 League T43"]
[Site "Internet Chess Club"]
[Date "2009.11.22"]
[Round "4"]
[White "irock"]
[Black "Budzo"]
[Result "0-1"]
[WhiteElo "1711"]
[BlackElo "1850"]
[Opening "French: exchange variation"]
[ECO "C01"]
[Time "10:03:00"]
[TimeControl "2700+45"]

1. e4 e6 2. d4 d5 3. exd5 exd5 4. Nf3 Bd6 5. c4 c6 6. Nc3 Ne7 7. Be3 O-O 8. cxd5
Nxd5 9. Nxd5 cxd5 10. Bd3 Nc6 11. a3 Bg4 12. Bxh7+ Kxh7 13. Ng5+ Qxg5 14. Bxg5
Bxd1 15. Rxd1 Rfe8+ 16. Be3 Bf4 17. Rd3 Bxe3 18. fxe3 Re4 19. O-O f6 20. Rf5 Ne7
21. Rf1 Re8 22. Rb3 b6 23. Rc3 Rc8 24. Rfc1 Rxc3 25. Rxc3 Nf5 26. Kf2 Re7 27.
Kf3 Nd6 28. Rb3 Rc7 29. Rb4 Rc4 30. Rb3 Rc2 31. Rb4 Nc4 32. b3 Nxa3 33. Ra4 Nb5
34. Rb4 Nd6 35. Ra4 Rb2 36. Rxa7 Rxb3 37. Rd7 Nc4 38. Rxd5 Rxe3+ 39. Kf2 Re7 40.
Rb5 Rb7 41. d5 Nd6 42. Rb4 b5 43. Ke3 Kg6 44. Kd4 Rc7 45. Kd3 Kf5 46. Rd4 Rc4
47. Rxc4 bxc4+ 48. Kd4 Kf4 49. Kc3 Ke4 50. Kd2 Kxd5 51. Ke3 Ke5 52. g4 Nb5 53.
h3 c3 54. h4 c2 55. Kd2 Nd4 {White resigns} 0-1

[Event "Team 45 45 League T43"]
[Site "Internet Chess Club"]
[Date "2009.11.24"]
[Round "4"]
[White "oldsj"]
[Black "dscvdchk"]
[Result "1-0"]
[WhiteElo "1594"]
[BlackElo "1610"]
[Opening "Petrov: Nimzovich attack"]
[ECO "C42"]
[Time "14:02:03"]
[TimeControl "2700+45"]

1. e4 e5 2. Nf3 Nf6 3. Nxe5 d6 4. Nf3 Nxe4 5. Nc3 Nxc3 6. dxc3 Bg4 7. h3 Bh5 8.
Qd5 Bxf3 9. Qxf3 c6 10. Be3 Nd7 11. O-O-O Be7 12. Bd4 O-O 13. Bd3 Bf6 14. Bf5
Bg5+ 15. Kb1 Qc7 16. Qg4 Bf6 17. Bxd7 Bxd4 18. cxd4 b5 19. Bf5 a5 20. Qg3 b4 21.
b3 a4 22. Bd3 axb3 23. cxb3 Qa5 24. Rd2 d5 25. Rc1 Rfe8 26. Qd6 Rac8 27. Qc5 Qa3
28. Qc2 g6 29. Re2 Rxe2 30. Qxe2 Qa7 31. Qe3 Qb6 32. h4 Qa7 33. h5 {Black
resigns} 1-0

[Event "Team 45 45 League T43"]
[Site "Internet Chess Club"]
[Date "2009.11.21"]
[Round "4"]
[White "g8wrb"]
[Black "badmove"]
[Result "0-1"]
[WhiteElo "1432"]
[BlackElo "1626"]
[Opening "Ruy Lopez: Worrall attack, sharp line"]
[ECO "C77"]
[Time "15:02:30"]
[TimeControl "2700+45"]

1. e4 e5 2. Nf3 Nc6 3. Bb5 a6 4. Ba4 Nf6 5. Qe2 b5 6. Bb3 Be7 7. O-O O-O 8. Rd1
d5 9. exd5 Nxd5 10. Nxe5 Nxe5 11. Qxe5 Bb7 12. c3 Bd6 13. Qf5 Nf4 14. Bc2 g6 15.
Qg4 h5 16. Qxf4 Bxf4 17. d4 Bxc1 18. Rxc1 Qg5 {White resigns} 0-1

[Event "Team 45 45 League T43"]
[Site "Internet Chess Club"]
[Date "2009.11.24"]
[Round "4"]
[White "beerss"]
[Black "seldredg"]
[Result "0-1"]
[WhiteElo "1340"]
[BlackElo "1374"]
[Opening "Bird's opening"]
[ECO "A02"]
[Time "12:13:04"]
[TimeControl "2700+45"]

1. f4 d6 2. Nf3 Nf6 3. e3 Nbd7 4. Be2 e5 5. fxe5 Nxe5 6. O-O Be7 7. b3 O-O 8.
Bb2 Bg4 9. Nxe5 Bxe2 10. Qxe2 dxe5 11. Bxe5 Bd6 12. Bxf6 gxf6 13. Qg4+ Kh8 14.
Qf5 Rg8 15. Qxf6+ Qxf6 16. Rxf6 Be5 17. Rxf7 Bxa1 18. Rxc7 b6 19. Na3 Be5 20.
Rd7 Rgf8 21. Nc4 Bg7 22. Nd6 Rf6 23. Nf7+ Kg8 24. Ng5 Raf8 25. Nf3 a5 26. c3 Rg6
27. Rd5 Rxf3 28. Rd8+ {White resigns} 0-1

[Event "Team 45 45 League T43"]
[Site "Internet Chess Club"]
[Date "2009.11.23"]
[Round "4"]
[White "rgadoury"]
[Black "chips"]
[Result "1/2-1/2"]
[WhiteElo "1249"]
[BlackElo "1191"]
[Opening "Scandinavian (center counter) defense"]
[ECO "B01"]
[Time "14:00:11"]
[TimeControl "2700+45"]

1. e4 d5 2. exd5 Qxd5 3. Nc3 Qd8 4. Bc4 e6 5. d4 Nf6 6. Nf3 Nbd7 7. O-O g6 8.
Re1 Bg7 9. Bg5 O-O 10. Ne2 c6 11. c3 a6 12. Ng3 b5 13. Bd3 c5 14. dxc5 Nxc5 15.
Bc2 Qxd1 16. Raxd1 Bb7 17. Nd4 Bd5 18. b4 Ncd7 19. a4 e5 20. Nf3 Bxf3 21. gxf3
Rfe8 22. axb5 axb5 23. Bd3 Rab8 24. Ne4 h6 25. Nxf6+ Bxf6 26. Bxf6 Nxf6 27. h3
Nh5 28. Bf1 f6 29. Ra1 Red8 30. Red1 Rxd1 31. Rxd1 Nf4 32. Kh2 Rc8 33. Rc1 Rb8
34. c4 bxc4 35. Bxc4+ Kh8 36. b5 g5 37. Rb1 Kg7 38. b6 Kg6 39. b7 Kf5 40. Bb3
Kg6 41. Ba4 Kf5 42. Bc6 Nd3 43. Ra1 Nc5 44. Ra8 Rxb7 45. Bxb7 Nxb7 46. Kg3 Nc5
47. h4 Ne6 48. hxg5 hxg5 49. Ra4 Nf4 50. Ra2 Nh5+ {Game drawn by mutual
agreement} 1/2-1/2

[Event "Team 45 45 League T43"]
[Site "Internet Chess Club"]
[Date "2009.11.22"]
[Round "4"]
[White "Gilguli"]
[Black "yemisco1"]
[Result "1-0"]
[WhiteElo "1537"]
[BlackElo "1497"]
[Opening "Robatsch (modern) defense"]
[ECO "B06"]
[Time "15:01:01"]
[TimeControl "2700+45"]

1. e4 g6 2. f4 e5 3. Nf3 exf4 4. d4 Bh6 5. Nc3 c6 6. Bc4 b5 7. Bb3 d6 8. O-O Bg4
9. h3 Bxf3 10. Qxf3 Qf6 11. Bxf4 Bxf4 12. Qxf4 Qxf4 13. Rxf4 f6 14. Bxg8 Rxg8
15. Rxf6 Ke7 16. Raf1 Rg7 17. d5 b4 18. Re6+ Kd7 19. Ne2 cxd5 20. exd5 Na6 21.
c4 bxc3 22. Nxc3 Re8 23. Rxe8 Kxe8 24. Re1+ Re7 25. Rxe7+ Kxe7 26. Kf2 Nc5 27.
Ke3 a6 28. b4 Nd7 29. a4 Ne5 30. Ke4 Kd7 31. b5 a5 32. Ne2 Kc7 33. Nd4 Kb6 34.
Nc6 Nc4 35. Kd4 Nb2 36. Kc3 Nxa4+ 37. Kb3 Nc5+ 38. Kc4 Ne4 39. Kd4 Nf6 40. Kc4
Ne4 41. Kd4 Nc5 42. Kc4 Nd7 43. Nd4 Ne5+ 44. Kc3 Kc5 45. g4 Kxd5 46. b6 Kc5 47.
b7 Nd7 48. Ne6+ Kb6 49. Nf8 Nb8 50. Nxh7 Kxb7 51. Nf8 Nd7 52. Nxd7 Kc6 53. Nf8
Kb5 54. Nxg6 a4 55. Kb2 Kb4 56. h4 a3+ 57. Ka2 d5 58. Ne5 d4 59. g5 Kc3 60. g6
d3 61. Nxd3 Kxd3 62. g7 {Black resigns} 1-0

[Event "Team 45 45 League T43"]
[Site "Internet Chess Club"]
[Date "2009.11.20"]
[Round "4"]
[White "reverendjim"]
[Black "IanT"]
[Result "1/2-1/2"]
[WhiteElo "1414"]
[BlackElo "1452"]
[Opening "Ruy Lopez: classical defense, 4.c3"]
[ECO "C64"]
[Time "21:04:59"]
[TimeControl "2700+45"]

1. e4 e5 2. Nf3 Nc6 3. Bb5 Bc5 4. c3 Nf6 5. O-O d6 6. d4 exd4 7. Nxd4 Bd7 8. Bg5
h6 9. Bh4 O-O 10. Qd3 a6 11. Nxc6 Bxc6 12. Bxc6 bxc6 13. b4 Bb6 14. Nd2 Qe7 15.
Bxf6 Qxf6 16. Nf3 Rfd8 17. c4 c5 18. Qb3 Qf4 19. Rae1 Re8 20. g3 Qg4 21. Nd2 Qg5
22. Nf3 Qf6 23. a3 Re6 24. Re2 a5 25. b5 a4 26. Qd3 Qg6 27. Qd5 Rae8 28. Nh4 Qg4
29. f3 Qh3 30. Qf5 Qxf5 31. Nxf5 Rf6 32. Ne3 Rfe6 33. Nd5 f5 34. Nxb6 cxb6 35.
Rfe1 fxe4 36. Rxe4 Rxe4 37. Rxe4 Rxe4 38. fxe4 Kf7 39. Kf2 Ke6 40. Ke3 Ke5 41.
g4 g6 42. h4 g5 43. h5 Ke6 44. Ke2 Kf6 45. Ke3 {Game drawn by mutual agreement}
1/2-1/2

[Event "Team 45 45 League T43"]
[Site "Internet Chess Club"]
[Date "2009.11.20"]
[Round "4"]
[White "GiulioCre"]
[Black "Aquaman"]
[Result "1-0"]
[WhiteElo "1196"]
[BlackElo "1329"]
[Opening "Queen's pawn: Yusupov-Rubinstein system"]
[ECO "A46"]
[Time "15:30:18"]
[TimeControl "2700+45"]

1. d4 Nf6 2. Nf3 e6 3. e3 c5 4. dxc5 Bxc5 5. Bd3 d5 6. Nbd2 b6 7. O-O O-O 8. e4
dxe4 9. Nxe4 Nbd7 10. Nxf6+ Nxf6 11. Bg5 h6 12. Bh4 Bb7 13. a3 Re8 14. b4 Be7
15. Re1 Rc8 16. Qe2 Qc7 17. c4 Rcd8 18. Bxf6 Bxf6 19. Rac1 Qd7 20. Be4 Bxe4 21.
Qxe4 Bb2 22. Rcd1 Qa4 23. Rxd8 Rxd8 24. Qh4 Bf6 25. Qg3 Qxa3 26. b5 Qb3 27. Qc7
Qxc4 28. Qxc4 Kf8 29. Qc7 Ke8 30. Qxa7 g5 31. Qxb6 Be7 32. Qc6+ Kf8 33. b6 Bd6
34. g4 Bf4 35. Ne5 Bxe5 36. Rxe5 Ke7 37. Qc5+ Ke8 38. b7 Rd1+ 39. Kg2 Rb1 40.
Qc6+ Ke7 41. Rb5 {Black resigns} 1-0

[Event "Team 45 45 League T43"]
[Site "Internet Chess Club"]
[Date "2009.11.21"]
[Round "4"]
[White "nozmov"]
[Black "carambola"]
[Result "1/2-1/2"]
[WhiteElo "1373"]
[BlackElo "1218"]
[Opening "King's gambit"]
[ECO "C30"]
[Time "16:31:38"]
[TimeControl "2700+45"]

1. f4 e5 2. e4 d6 3. Nf3 Nf6 4. Nc3 c6 5. d3 Qb6 6. h3 Be6 7. fxe5 Nfd7 8. d4
dxe5 9. Qd3 Na6 10. a3 Nf6 11. b4 O-O-O 12. Na4 Qc7 13. Nxe5 Bxb4+ 14. axb4 Nxb4
15. Qe2 Rxd4 16. Ra3 Rxe4 17. Re3 Qxe5 18. Bb2 Rxe3 19. Bxe5 Rxe2+ 20. Bxe2 Ne4
21. Bd3 Nxd3+ 22. cxd3 Ng5 23. h4 f6 24. Bf4 Nf7 25. O-O Re8 26. Re1 b6 27. Kf2
h6 28. Nc3 g5 29. hxg5 fxg5 30. Bc1 a5 31. d4 Nd6 32. d5 Rf8+ 33. Kg1 Bg4 34.
dxc6 Kc7 35. Re7+ Kxc6 36. Ba3 Re8 37. Bxd6 Rxe7 38. Bxe7 Kd7 39. Ba3 Kc6 40.
Bf8 h5 41. Ne4 b5 42. Nxg5 b4 43. Kf2 b3 44. Ba3 Kb5 45. Ne4 Ka4 46. Bb2 Kb4 47.
Ke3 a4 48. Bc3+ Ka3 49. Nc5 b2 50. Bxb2+ Kxb2 51. Nxa4+ Kb3 52. Nc5+ Kc4 53. Ne4
h4 54. Ng5 Kd5 55. Kf4 Be2 56. Nf3 Bf1 57. Nxh4 Bxg2 {Game drawn because neither
player has mating material} 1/2-1/2

[Event "Team 45 45 League T43"]
[Site "Internet Chess Club"]
[Date "2009.11.22"]
[Round "4"]
[White "tryanything"]
[Black "GadsHill"]
[Result "1-0"]
[WhiteElo "1600"]
[BlackElo "1559"]
[Opening "Philidor: Improved Hanham variation"]
[ECO "B07"]
[Time "17:02:41"]
[TimeControl "2700+45"]

1. e4 d6 2. d4 Nf6 3. Nc3 Nbd7 4. Nf3 e5 5. Bc4 Be7 6. O-O O-O 7. Re1 c6 8. a4
b6 9. d5 cxd5 10. Nxd5 Nxd5 11. Bxd5 Rb8 12. Qd3 Kh8 13. Be3 Nc5 14. Qd2 f5 15.
Ng5 Nxe4 16. Nxe4 fxe4 17. Bxe4 Bb7 18. Bd5 Qd7 19. b3 Qf5 20. c4 Rf6 21. Bg5
{Black resigns} 1-0

[Event "Team 45 45 League T43"]
[Site "Internet Chess Club"]
[Date "2009.11.20"]
[Round "4"]
[White "sdcohle"]
[Black "smsxman"]
[Result "1-0"]
[WhiteElo "1412"]
[BlackElo "1449"]
[Opening "QGD: Marshall defense"]
[ECO "D06"]
[Time "14:52:34"]
[TimeControl "2700+45"]

1. d4 d5 2. c4 Nf6 3. e3 e6 4. Nc3 Nc6 5. Nf3 Be7 6. Be2 Bd7 7. O-O O-O 8. b3 a6
9. Bb2 Ng4 10. h3 Nh6 11. Rc1 Bf6 12. Na4 b6 13. cxd5 exd5 14. Qd2 a5 15. Bb5
Ne7 16. Bxd7 Qxd7 17. Rc2 Rab8 18. Rfc1 c6 19. Ba3 Rfc8 20. Bxe7 Bxe7 21. Ne5
Bb4 22. Nxd7 Bxd2 23. Nxb8 Bxc1 24. Rxc1 Rxb8 25. Rxc6 g6 26. Rxb6 Rc8 27. Nc5
Nf5 28. Rb5 Ra8 29. a4 Nd6 30. Rb6 Ne4 31. Rb5 Nc3 32. Rb6 f5 33. Ra6 Rxa6 34.
Nxa6 f4 35. Nc5 fxe3 36. fxe3 Ne2+ 37. Kf2 Nc1 38. Kf3 Kf7 39. Kf4 Kf6 40. g4
g5+ 41. Kf3 h6 42. e4 dxe4+ 43. Kxe4 Ne2 44. Nb7 Ng1 45. Nxa5 Nxh3 46. Nc6 Nf2+
47. Kf3 Nd3 48. a5 Ke6 49. a6 Kd7 50. a7 Kxc6 51. a8=Q+ Kd6 52. Qf8+ Kc6 53.
Qxh6+ Kd5 54. Qxg5+ Kxd4 55. Qe3+ Kc3 56. b4 Kc4 57. Qxd3+ Kxd3 58. b5 Kc4 59.
b6 Kc5 60. b7 Kc6 61. b8=Q {Black resigns} 1-0